Capitals vs Rangers

Created - 25 avril 2024 at 03:55

Goals
1 2 3 T
Capitals 1 0 0 1
Rangers 1 3 1 5
Shots
1 2 3 T
Capitals 17 10 14 41
Rangers 14 17 8 39

1st period

1. Capitals , Jordan Staal 2 (Justin Faulk 1, Lucas Raymond 1) at 7:04
2. Rangers , Jason Zucker 2 (Riley Nash 2) at 12:00

Penalties :
No Penalty

2nd period

3. Rangers , Taylor Beck 1 (Samuel Girard 1, Connor Murphy 1) at 12:16
4. Rangers , Arttu Ruotsalainen 3 (Jared Spurgeon 3, Jason Zucker 1) at 14:40 (PP)
5. Rangers , Alan Quine 1 (Taylor Beck 2, Radek Faksa 1) at 19:24

Penalties :
Radek Faksa (NYR) for Delaying the game (Minor) at 8:16, Roope Hintz (WSH) for Boarding (Minor) at 14:29

3rd period

6. Rangers , Jason Zucker 3 (Arttu Ruotsalainen 2, Jared Spurgeon 4) at 7:01 (PP)

Penalties :
Arttu Ruotsalainen (NYR) for High sticking (Minor) at 2:32, T.J. Oshie (WSH) for Roughing (Minor) at 6:55, Arttu Ruotsalainen (NYR) for High sticking (Minor) at 8:40, Connor Murphy (NYR) for Tripping (Minor) at 13:00

Goalie Stats

Juuse Saros (WSH), 34 saves from 39 shots - (0,872), L, 0-2-0, 60:00 minutes
Casey DeSmith (NYR), 40 saves from 41 shots - (0,976), W, 2-0-0, 60:00 minutes

Players Stats for Capitals

Player Name              G  A  P  +/- PIM S  H  SB GA TA FO     MP     PP MP  PK MP  
------------------------------------------------------------------------------------
J.T. Miller              0  0  0  -2  0   5  1  1  1  0  20/32  20:34   4:34   0:00 
Joe Veleno               0  0  0   0  0   0  0  0  0  0  0/0     6:03   0:00   0:00 
Jordan Staal             1  0  1   0  0   3  5  0  0  0  10/18  13:38   0:00   0:17 
Josh Bailey              0  0  0   0  0   4  0  0  0  0  0/0    19:45   3:22   0:00 
Justin Faulk             0  1  1   0  0   1  3  3  0  0  0/0    22:46   2:47   0:17 
Kyle Turris              0  0  0   0  0   5  2  0  1  0  17/27  16:19   0:00   0:00 
Lucas Raymond            0  1  1   0  0   4  0  0  0  0  0/1    13:21   0:00   0:00 
Mark Giordano            0  0  0  -1  0   3  1  1  0  0  0/0    25:23   5:09   0:00 
Mattias Ekholm           0  0  0  -1  0   1  0  0  0  0  0/0    11:51   0:00   0:00 
Oliver Ekman-Larsson     0  0  0  -1  0   3  1  2  1  0  0/0    25:23   5:09   0:00 
Roope Hintz              0  0  0   0  2   1  3  0  1  0  0/1    16:46   3:22   0:00 
Ryan Graves              0  0  0   0  0   2  2  2  0  0  0/0    19:21   0:00   0:17 
T.J. Oshie               0  0  0  -2  2   4  3  0  3  1  2/2    20:30   4:31   0:00 
Tim Stutzle              0  0  0  -2  0   5  4  1  0  0  0/0    20:34   4:34   0:00 
Tomas Hertl              0  0  0   0  0   0  0  1  1  0  1/4     6:20   0:00   0:17 
Travis Konecny           0  0  0   0  0   0  1  0  1  0  0/0    19:45   3:22   0:00 
Trevor Moore             0  0  0   0  0   0  0  1  0  0  0/1     6:06   0:03   0:00 
Vince Dunn               0  0  0  -1  0   0  0  2  0  2  0/0    15:16   2:47   0:00 

Players Stats for Rangers

Player Name              G  A  P  +/- PIM S  H  SB GA TA FO     MP     PP MP  PK MP  
------------------------------------------------------------------------------------
Alan Quine               1  0  1   1  0   3  2  0  1  1  8/21   14:03   0:00   0:00 
Arttu Ruotsalainen       1  1  2   1  4   3  4  0  0  1  13/33  21:31   0:17   2:05 
Brandon Tanev            0  0  0   0  0   0  0  0  0  0  3/4     9:48   0:00   3:12 
Calvin de Haan           0  0  0   0  0   0  2  0  0  1  0/0    18:00   0:00   0:00 
Colin Blackwell          0  0  0   0  0   2  2  0  0  0  2/2    13:43   0:00   1:19 
Connor Murphy            0  1  1   1  2   2  3  0  0  1  0/0    21:06   0:00   2:27 
Danton Heinen            0  0  0   0  0   1  0  0  1  0  2/8    10:58   0:00   4:21 
Filip Chytil             0  0  0   0  0   0  1  0  0  0  0/0     6:36   0:00   0:00 
Frank Vatrano            0  0  0   1  0   2  5  1  0  0  1/2    18:52   0:17   0:00 
Jared Spurgeon           0  2  2   0  0   3  1  4  0  3  0/0    26:40   0:17   4:44 
Jason Zucker             2  1  3   1  0   13 3  0  0  0  0/1    21:30   0:17   2:30 
Luke Schenn              0  0  0   1  0   0  0  0  0  0  0/0    19:44   0:00   4:37 
Matt Irwin               0  0  0   1  0   1  1  3  0  1  0/0    15:52   0:00   0:45 
Michael Frolik           0  0  0   0  0   3  0  0  0  0  0/0    13:09   0:00   0:45 
Radek Faksa              0  1  1   1  2   4  2  0  0  0  0/0    15:50   0:00   1:40 
Riley Nash               0  1  1   0  0   0  3  0  0  0  7/15   11:57   0:00   0:00 
Samuel Girard            0  1  1   1  0   0  0  0  1  1  0/0    18:38   0:17   3:19 
Taylor Beck              1  1  2   1  0   2  0  1  0  0  0/0    14:03   0:00   0:00 

3 Stars

1 - Jason Zucker (NYR)
2 - Casey DeSmith (NYR)
3 - Taylor Beck (NYR)

Power Play

Capitals - 0 on 4 Attempt(s) - 0,00%
Rangers - 2 on 2 Attempt(s) - 100,00%

Penalty Kill

Capitals - 0 on 2 Attempt(s) - 0,00% - Score 0 goal in Penalty Kill
Rangers - 4 on 4 Attempt(s) - 100,00% - Score 0 goal in Penalty Kill

Team Stat

Capitals - Hits : 26 - Faceoff Wins : 50 - Blocked Shots : 14 - Penalty Minutes : 4
Rangers - Hits : 29 - Faceoff Wins : 36 - Blocked Shots : 9 - Penalty Minutes : 8

Official

Referees : Olivier Gouin and Jarrod Ragusin
Linesman : Derek Nansen and Eric Ernst

Game Notes

7:04 of 1st period - Capitals goal is going for a video replay. After video review, Goal.

Finance

Level 1 -- Attendance: 6200 (100,00%) -- Ticket Income $775,000
Level 2 -- Attendance: 5200 (100,00%) -- Ticket Income $416,000
Level 3 -- Attendance: 2200 (100,00%) -- Ticket Income $121,000
Level 4 -- Attendance: 4200 (100,00%) -- Ticket Income $126,000
Luxury Box -- Attendance: 1285 (91,79%) -- Ticket Income $449,750
Game was played at the Madison Square Garden.
Total Attendance: 19085 (99,40%)
Total Ticket Income: $1,887,750
Other Income: $924,998
Total Income: $2,812,748

Capitals

5 vs 5 Forward 
   Center                   Left Wing                Right Wing               Time % Phy DF OF 
 1 J.T. Miller              Tim Stutzle              T.J. Oshie               34     0   2  3  
 2 Kyle Turris              Travis Konecny           Josh Bailey              29     0   2  3  
 3 Jordan Staal             Roope Hintz              Lucas Raymond            29     0   3  2  
 4 Tomas Hertl              Joe Veleno               Trevor Moore             8      1   3  1  

5 vs 5 Defense 
   Defense                  Defense                                           Time % Phy DF OF 
 1 Mark Giordano            Oliver Ekman-Larsson                              40     1   3  1  
 2 Justin Faulk             Ryan Graves                                       39     1   3  1  
 3 Mattias Ekholm           Vince Dunn                                        14     0   3  2  
 4 Mattias Ekholm           Vince Dunn                                        7      0   3  2  

PowerPlay Forward 
   Center                   Left Wing                Right Wing               Time % Phy DF OF 
 1 J.T. Miller              Tim Stutzle              T.J. Oshie               56     0   0  5  
 2 Roope Hintz              Josh Bailey              Travis Konecny           44     0   0  5  

PowerPlay Defense
   Defense                  Defense                                           Time % Phy DF OF 
 1 Mark Giordano            Oliver Ekman-Larsson                              55     0   1  4  
 2 Justin Faulk             Vince Dunn                                        45     0   1  4  

Penalty Kill 4 Players Forward 
   Center                   Wing                     Time % Phy DF OF 
 1 Tomas Hertl              Jordan Staal             55     0   5  0  
 2 J.T. Miller              T.J. Oshie               45     0   5  0  

Penalty Kill 4 Players Defense
   Defense                  Defense                  Time % Phy DF OF 
 1 Justin Faulk             Ryan Graves              53     0   5  0  
 2 Oliver Ekman-Larsson     Mattias Ekholm           47     0   5  0  

Penalty Kill - 3 Players Forward 
   Forward                                           Time % Phy DF OF 
 1 Jordan Staal                                      52     0   5  0  
 2 Tomas Hertl                                       48     0   5  0  

Penalty Kill - 3 Players Defense
   Defense                  Defense                  Time % Phy DF OF 
 1 Justin Faulk             Ryan Graves              53     0   5  0  
 2 Oliver Ekman-Larsson     Mattias Ekholm           47     0   5  0  

4 vs 4 Forward 
   Center                   Wing                     Time % Phy DF OF 
 1 J.T. Miller              T.J. Oshie               54     0   2  3  
 2 Roope Hintz              Josh Bailey              46     0   2  3  

4 vs 4 Defense
   Defense                  Defense                  Time % Phy DF OF 
 1 Justin Faulk             Oliver Ekman-Larsson     54     0   3  2  
 2 Ryan Graves              Mark Giordano            46     0   3  2  

Last Minutes Offensive
   Center                   Left Wing                Right Wing               Defense                  Defense                  
   Jordan Staal             Tomas Hertl              J.T. Miller              Justin Faulk             Oliver Ekman-Larsson     

Last Minutes Defensive
   Center                   Left Wing                Right Wing               Defense                  Defense                  
   Jordan Staal             Tomas Hertl              J.T. Miller              Justin Faulk             Oliver Ekman-Larsson     

Goaltenders
Starting : Juuse Saros              
Backup : Mike Smith               

Extra Forwards
Normal : J.T. Miller, Jordan Staal, T.J. Oshie - PP : T.J. Oshie, Travis Konecny - PK : Trevor Moore
Extra Defensemen
Normal : Ryan Graves, Justin Faulk, Mattias Ekholm - PP : Vince Dunn - PK : Ryan Graves, Justin Faulk
Penalty Shots
T.J. Oshie, Roope Hintz, Tim Stutzle, Oliver Ekman-Larsson, J.T. Miller
Custom OT Lines Forwards
J.T. Miller, T.J. Oshie, Roope Hintz, Kyle Turris, Tim Stutzle, Josh Bailey, Travis Konecny, Lucas Raymond, Trevor Moore, 
Custom OT Lines Defensemen
Justin Faulk, Oliver Ekman-Larsson, Mattias Ekholm, Mark Giordano, Ryan Graves

Scratches
None

Rangers

5 vs 5 Forward 
   Center                   Left Wing                Right Wing               Time % Phy DF OF 
 1 Arttu Ruotsalainen       Frank Vatrano            Jason Zucker             33     0   3  2  
 2 Alan Quine               Radek Faksa              Taylor Beck              29     1   2  2  
 3 Riley Nash               Colin Blackwell          Michael Frolik           24     1   3  1  
 4 Brandon Tanev            Filip Chytil             Danton Heinen            14     1   3  1  

5 vs 5 Defense 
   Defense                  Defense                                           Time % Phy DF OF 
 1 Jared Spurgeon           Calvin de Haan                                    33     0   3  2  
 2 Matt Irwin               Luke Schenn                                       31     1   2  2  
 3 Connor Murphy            Samuel Girard                                     26     1   3  1  
 4 Jared Spurgeon           Connor Murphy                                     10     2   2  1  

PowerPlay Forward 
   Center                   Left Wing                Right Wing               Time % Phy DF OF 
 1 Arttu Ruotsalainen       Frank Vatrano            Jason Zucker             55     0   1  4  
 2 Danton Heinen            Radek Faksa              Taylor Beck              45     0   1  4  

PowerPlay Defense
   Defense                  Defense                                           Time % Phy DF OF 
 1 Samuel Girard            Jared Spurgeon                                    55     0   3  2  
 2 Luke Schenn              Connor Murphy                                     45     0   3  2  

Penalty Kill 4 Players Forward 
   Center                   Wing                     Time % Phy DF OF 
 1 Danton Heinen            Arttu Ruotsalainen       55     1   3  1  
 2 Radek Faksa              Jason Zucker             45     1   3  1  

Penalty Kill 4 Players Defense
   Defense                  Defense                  Time % Phy DF OF 
 1 Jared Spurgeon           Luke Schenn              55     1   3  1  
 2 Samuel Girard            Connor Murphy            45     1   3  1  

Penalty Kill - 3 Players Forward 
   Forward                                           Time % Phy DF OF 
 1 Colin Blackwell                                   55     1   3  1  
 2 Jason Zucker                                      45     1   3  1  

Penalty Kill - 3 Players Defense
   Defense                  Defense                  Time % Phy DF OF 
 1 Luke Schenn              Jared Spurgeon           55     1   3  1  
 2 Samuel Girard            Connor Murphy            45     1   3  1  

4 vs 4 Forward 
   Center                   Wing                     Time % Phy DF OF 
 1 Alan Quine               Arttu Ruotsalainen       55     1   2  2  
 2 Danton Heinen            Jason Zucker             45     1   2  2  

4 vs 4 Defense
   Defense                  Defense                  Time % Phy DF OF 
 1 Jared Spurgeon           Luke Schenn              55     1   2  2  
 2 Connor Murphy            Samuel Girard            45     1   2  2  

Last Minutes Offensive
   Center                   Left Wing                Right Wing               Defense                  Defense                  
   Alan Quine               Jason Zucker             Arttu Ruotsalainen       Jared Spurgeon           Luke Schenn              

Last Minutes Defensive
   Center                   Left Wing                Right Wing               Defense                  Defense                  
   Alan Quine               Jason Zucker             Arttu Ruotsalainen       Jared Spurgeon           Luke Schenn              

Goaltenders
Starting : Casey DeSmith            
Backup : Philipp Grubauer         

Extra Forwards
Normal : Arttu Ruotsalainen, Danton Heinen, Jason Zucker - PP : Arttu Ruotsalainen, Frank Vatrano - PK : Brandon Tanev
Extra Defensemen
Normal : Connor Murphy, Samuel Girard, Matt Irwin - PP : Connor Murphy - PK : Connor Murphy, Samuel Girard
Penalty Shots
Arttu Ruotsalainen, Frank Vatrano, Radek Faksa, Danton Heinen, Jason Zucker
Custom OT Lines Forwards
Brandon Tanev, Alan Quine, Colin Blackwell, Jason Zucker, Radek Faksa, Taylor Beck, Arttu Ruotsalainen, Danton Heinen, Michael Frolik, Frank Vatrano
Custom OT Lines Defensemen
Matt Irwin, Connor Murphy, Luke Schenn, Jared Spurgeon, Samuel Girard

Scratches
Cody Eakin (Right Ankle Injury), Logan Brown (Healthy), Conor Timmins (Healthy), Nico Sturm (Healthy)

% Time on Ice - Capitals

Lines # - Real PCT - Wanted PCT - Time Play
Normal Forward
1 - 31% - 34% - 16:00
2 - 32% - 29% - 16:23
3 - 26% - 29% - 13:21
4 - 12% - 8% - 6:03
Normal Defense
1 - 39% - 40% - 20:14
2 - 38% - 39% - 19:42
3 - 14% - 14% - 7:21
4 - 9% - 7% - 4:30
PP Forward
1 - 58% - 56% - 4:34
2 - 42% - 44% - 3:22
PP Defense
1 - 65% - 55% - 5:09
2 - 35% - 45% - 2:47
PK Forward
1 - 100% - 55% - 0:17
2 - 0% - 45% - 0:00
PK Defense
1 - 100% - 53% - 0:17
2 - 0% - 47% - 0:00
PK3 Forward
1 - 0% - 52%
2 - 0% - 48%
PK3 Defense
1 - 0% - 53%
2 - 0% - 47%
44 Forward
1 - 0% - 54%
2 - 0% - 46%
44 Defense
1 - 0% - 54%
2 - 0% - 46%
Last Minute Offensive  - 0:00
Last Minute Defensive  - 0:00
Total
Forward - 60:00
Defense - 60:00

% Time on Ice - Rangers

Lines # - Real PCT - Wanted PCT - Time Play
Normal Forward
1 - 37% - 33% - 19:03
2 - 27% - 29% - 14:11
3 - 23% - 24% - 11:57
4 - 13% - 14% - 6:36
Normal Defense
1 - 35% - 33% - 18:00
2 - 32% - 31% - 16:37
3 - 26% - 26% - 13:32
4 - 7% - 10% - 3:38
PP Forward
1 - 100% - 55% - 0:17
2 - 0% - 45% - 0:00
PP Defense
1 - 100% - 55% - 0:17
2 - 0% - 45% - 0:00
PK Forward
1 - 68% - 55% - 5:26
2 - 32% - 45% - 2:30
PK Defense
1 - 58% - 55% - 4:37
2 - 42% - 45% - 3:19
PK3 Forward
1 - 0% - 55%
2 - 0% - 45%
PK3 Defense
1 - 0% - 55%
2 - 0% - 45%
44 Forward
1 - 0% - 55%
2 - 0% - 45%
44 Defense
1 - 0% - 55%
2 - 0% - 45%
Last Minute Offensive  - 0:00
Last Minute Defensive  - 0:00
Total
Forward - 60:00
Defense - 60:00

Play-by-Play

1st period


0:01 of 1st period - Arttu Ruotsalainen wins face-off versus J.T. Miller in neutral zone.
0:13 of 1st period - Snap shot by T.J. Oshie.
0:13 of 1st period - Shot Misses the Net.
0:15 of 1st period - Slapshot by Mark Giordano.
0:15 of 1st period - Deflect By T.J. Oshie.
0:15 of 1st period - Shot Blocked by Frank Vatrano.
0:15 of 1st period - Puck is out of play.
0:16 of 1st period - Alan Quine wins face-off versus Kyle Turris in Rangers zone.
0:43 of 1st period - Justin Faulk is hit by Colin Blackwell and loses puck.
0:52 of 1st period - Wrist shot by Roope Hintz.
0:52 of 1st period - Shot Blocked by Matt Irwin.
2:13 of 1st period - Slapshot by J.T. Miller.
2:13 of 1st period - Stopped by Casey DeSmith with a rebound.
2:23 of 1st period - Ryan Graves is hit by Riley Nash.
2:59 of 1st period - Slapshot by Jared Spurgeon.
2:59 of 1st period - Stopped by Juuse Saros without a rebound.
3:00 of 1st period - Kyle Turris wins face-off versus Arttu Ruotsalainen in Capitals zone.
3:07 of 1st period - Snap shot by Josh Bailey.
3:07 of 1st period - Stopped by Casey DeSmith without a rebound.
3:08 of 1st period - J.T. Miller wins face-off versus Alan Quine in Rangers zone.
3:08 of 1st period - Tim Stutzle is hit by Connor Murphy and loses puck.
3:11 of 1st period - Wrist shot by Tim Stutzle.
3:11 of 1st period - Stopped by Casey DeSmith without a rebound.
3:12 of 1st period - J.T. Miller wins face-off versus Alan Quine in Rangers zone.
3:21 of 1st period - Radek Faksa is hit by Tim Stutzle and loses puck.
3:38 of 1st period - Frank Vatrano is hit by Roope Hintz and loses puck.
4:04 of 1st period - Josh Bailey is hit by Matt Irwin.
4:29 of 1st period - Slapshot by Oliver Ekman-Larsson.
4:29 of 1st period - Stopped by Casey DeSmith without a rebound.
4:30 of 1st period - J.T. Miller wins face-off versus Arttu Ruotsalainen in Rangers zone.
4:46 of 1st period - Off-side.
4:47 of 1st period - Jordan Staal wins face-off versus Alan Quine in neutral zone.
4:50 of 1st period - Snap shot by Oliver Ekman-Larsson.
4:50 of 1st period - Stopped by Casey DeSmith without a rebound.
4:51 of 1st period - Jordan Staal wins face-off versus Alan Quine in Rangers zone.
5:00 of 1st period - Slapshot by Roope Hintz.
5:00 of 1st period - Shot Blocked by Jared Spurgeon.
5:02 of 1st period - Slapshot by Oliver Ekman-Larsson.
5:02 of 1st period - Deflect By Jared Spurgeon.
5:02 of 1st period - Stopped by Casey DeSmith with a rebound.
5:04 of 1st period - Wrist shot by Lucas Raymond.
5:04 of 1st period - Stopped by Casey DeSmith with a rebound.
5:34 of 1st period - Travis Konecny is hit by Frank Vatrano and loses puck.
6:09 of 1st period - Tomas Hertl is hit by Riley Nash and loses puck.
6:26 of 1st period - Michael Frolik is hit by Justin Faulk.
6:44 of 1st period - Mattias Ekholm is hit by Connor Murphy and loses puck.
6:51 of 1st period - Taylor Beck is hit by Jordan Staal and loses puck.
7:00 of 1st period - Snap shot by Lucas Raymond.
7:00 of 1st period - Stopped by Casey DeSmith with a rebound.
7:02 of 1st period - Slapshot by Justin Faulk.
7:02 of 1st period - Stopped by Casey DeSmith with a rebound.
7:04 of 1st period - Wrist shot by Jordan Staal.
7:04 of 1st period - Capitals goal is going for a video replay.
7:04 of 1st period - The goal is good.
7:04 of 1st period - Goal by Jordan Staal - Capitals : 1 - Rangers : 0.
7:05 of 1st period - J.T. Miller wins face-off versus Arttu Ruotsalainen in neutral zone.
7:08 of 1st period - Slapshot by T.J. Oshie.
7:08 of 1st period - Shot Misses the Net.
7:10 of 1st period - Slapshot by Ryan Graves.
7:10 of 1st period - Stopped by Casey DeSmith with a rebound.
7:16 of 1st period - Snap shot by Tim Stutzle.
7:16 of 1st period - Stopped by Casey DeSmith with a rebound.
7:18 of 1st period - Slapshot by Justin Faulk.
7:18 of 1st period - Deflect By J.T. Miller.
7:18 of 1st period - Stopped by Casey DeSmith without a rebound.
7:19 of 1st period - Kyle Turris wins face-off versus Frank Vatrano in Rangers zone.
7:30 of 1st period - Snap shot by Jason Zucker.
7:30 of 1st period - Stopped by Juuse Saros with a rebound.
7:32 of 1st period - Wrist shot by Frank Vatrano.
7:32 of 1st period - Stopped by Juuse Saros without a rebound.
7:33 of 1st period - Riley Nash wins face-off versus J.T. Miller in Capitals zone.
7:33 of 1st period - Jared Spurgeon is hit by Mark Giordano and loses puck.
7:38 of 1st period - Slapshot by Michael Frolik.
7:38 of 1st period - Deflect By Colin Blackwell.
7:38 of 1st period - Stopped by Juuse Saros with a rebound.
7:40 of 1st period - Snap shot by Colin Blackwell.
7:40 of 1st period - Shot Misses the Net.
7:42 of 1st period - Snap shot by Colin Blackwell.
7:42 of 1st period - Shot Misses the Net.
8:26 of 1st period - Justin Faulk is hit by Frank Vatrano and loses puck.
9:09 of 1st period - Slapshot by Jared Spurgeon.
9:09 of 1st period - Deflect By Michael Frolik.
9:09 of 1st period - Shot Blocked by Vince Dunn.
9:09 of 1st period - Puck is out of play.
9:10 of 1st period - Kyle Turris wins face-off versus Riley Nash in Capitals zone.
9:41 of 1st period - Wrist shot by Jason Zucker.
9:41 of 1st period - Stopped by Juuse Saros without a rebound.
9:42 of 1st period - J.T. Miller wins face-off versus Arttu Ruotsalainen in Capitals zone.
10:13 of 1st period - Slapshot by Jared Spurgeon.
10:13 of 1st period - Shot Blocked by Mark Giordano.
10:15 of 1st period - Slapshot by Connor Murphy.
10:15 of 1st period - Stopped by Juuse Saros without a rebound.
10:16 of 1st period - Jordan Staal wins face-off versus Alan Quine in Capitals zone.
10:35 of 1st period - Matt Irwin is hit by Roope Hintz and loses puck.
11:09 of 1st period - Off-side.
11:10 of 1st period - Brandon Tanev wins face-off versus Kyle Turris in neutral zone.
11:42 of 1st period - Slapshot by Jared Spurgeon.
11:42 of 1st period - Stopped by Juuse Saros with a rebound.
11:46 of 1st period - Wrist shot by Taylor Beck.
11:46 of 1st period - Shot Misses the Net.
11:48 of 1st period - Wrist shot by Jared Spurgeon.
11:48 of 1st period - Shot Blocked by J.T. Miller.
11:58 of 1st period - Snap shot by Jason Zucker.
11:58 of 1st period - Shot Misses the Net.
12:00 of 1st period - Slapshot by Jason Zucker.
12:00 of 1st period - Goal by Jason Zucker - Capitals : 1 - Rangers : 1.
12:01 of 1st period - Colin Blackwell wins face-off versus Lucas Raymond in neutral zone.
12:06 of 1st period - Snap shot by Riley Nash.
12:06 of 1st period - Shot Blocked by Oliver Ekman-Larsson.
12:30 of 1st period - Icing by Mark Giordano.
12:31 of 1st period - Alan Quine wins face-off versus Kyle Turris in Capitals zone.
13:52 of 1st period - Snap shot by Danton Heinen.
13:52 of 1st period - Stopped by Juuse Saros with a rebound.
13:54 of 1st period - Wrist shot by Matt Irwin.
13:54 of 1st period - Stopped by Juuse Saros with a rebound.
14:34 of 1st period - Wrist shot by Jason Zucker.
14:34 of 1st period - Stopped by Juuse Saros without a rebound.
14:35 of 1st period - Arttu Ruotsalainen wins face-off versus Jordan Staal in Capitals zone.
14:38 of 1st period - Snap shot by Jason Zucker.
14:38 of 1st period - Stopped by Juuse Saros without a rebound.
14:39 of 1st period - Jordan Staal wins face-off versus Arttu Ruotsalainen in Capitals zone.
14:44 of 1st period - Snap shot by Lucas Raymond.
14:44 of 1st period - Shot Misses the Net.
14:56 of 1st period - Snap shot by Jason Zucker.
14:56 of 1st period - Shot Misses the Net.
15:14 of 1st period - Snap shot by J.T. Miller.
15:14 of 1st period - Shot Misses the Net.
15:42 of 1st period - Wrist shot by Kyle Turris.
15:42 of 1st period - Stopped by Casey DeSmith with a rebound.
16:00 of 1st period - Snap shot by Jordan Staal.
16:00 of 1st period - Shot Blocked by Taylor Beck.
16:26 of 1st period - Wrist shot by Jason Zucker.
16:26 of 1st period - Deflect By Arttu Ruotsalainen.
16:26 of 1st period - Shot Misses the Net.
16:26 of 1st period - Puck is out of play.
16:27 of 1st period - Kyle Turris wins face-off versus Arttu Ruotsalainen in Capitals zone.
16:40 of 1st period - Kyle Turris is hit by Jason Zucker and loses puck.
17:39 of 1st period - Snap shot by Lucas Raymond.
17:39 of 1st period - Shot Misses the Net.
17:41 of 1st period - Slapshot by Mattias Ekholm.
17:41 of 1st period - Deflect By Taylor Beck.
17:41 of 1st period - Stopped by Casey DeSmith with a rebound.
17:43 of 1st period - Wrist shot by Jordan Staal.
17:43 of 1st period - Shot Misses the Net.
17:45 of 1st period - Snap shot by Jordan Staal.
17:45 of 1st period - Stopped by Casey DeSmith without a rebound.
17:46 of 1st period - Arttu Ruotsalainen wins face-off versus Jordan Staal in Rangers zone.
17:53 of 1st period - Slapshot by Luke Schenn.
17:53 of 1st period - Deflect By Jason Zucker.
17:53 of 1st period - Shot Misses the Net.
17:53 of 1st period - Puck is out of play.
17:54 of 1st period - Arttu Ruotsalainen wins face-off versus Jordan Staal in Capitals zone.
18:15 of 1st period - Snap shot by Jordan Staal.
18:15 of 1st period - Shot Misses the Net.
18:33 of 1st period - Wrist shot by Jason Zucker.
18:33 of 1st period - Deflect By Arttu Ruotsalainen.
18:33 of 1st period - Stopped by Juuse Saros without a rebound.
18:34 of 1st period - Riley Nash wins face-off versus J.T. Miller in Capitals zone.
18:37 of 1st period - Wrist shot by Michael Frolik.
18:37 of 1st period - Shot Blocked by Tim Stutzle.
18:45 of 1st period - Wrist shot by Michael Frolik.
18:45 of 1st period - Stopped by Juuse Saros with a rebound.
18:47 of 1st period - Snap shot by Colin Blackwell.
18:47 of 1st period - Shot Misses the Net.
19:01 of 1st period - Taylor Beck is hit by Justin Faulk and loses puck.
19:11 of 1st period - Off-side.
19:12 of 1st period - Jordan Staal wins face-off versus Arttu Ruotsalainen in neutral zone.
19:19 of 1st period - Snap shot by Lucas Raymond.
19:19 of 1st period - Deflect By Arttu Ruotsalainen.
19:19 of 1st period - Stopped by Casey DeSmith without a rebound.
19:20 of 1st period - Jordan Staal wins face-off versus Arttu Ruotsalainen in Rangers zone.
19:33 of 1st period - Wrist shot by Roope Hintz.
19:33 of 1st period - Shot Misses the Net.
Goals for this period are 1 for Capitals vs 1 for Rangers.
Shots for this period are 17 for Capitals vs 14 for Rangers.

2nd period


0:01 of 2nd period - J.T. Miller wins face-off versus Riley Nash in neutral zone.
0:14 of 2nd period - Wrist shot by T.J. Oshie.
0:14 of 2nd period - Shot Misses the Net.
0:16 of 2nd period - Wrist shot by T.J. Oshie.
0:16 of 2nd period - Stopped by Casey DeSmith with a rebound.
1:23 of 2nd period - Slapshot by Jason Zucker.
1:23 of 2nd period - Stopped by Juuse Saros without a rebound.
1:24 of 2nd period - Kyle Turris wins face-off versus Alan Quine in Capitals zone.
2:01 of 2nd period - Snap shot by Radek Faksa.
2:01 of 2nd period - Stopped by Juuse Saros with a rebound.
2:03 of 2nd period - Slapshot by Samuel Girard.
2:03 of 2nd period - Shot Blocked by Tomas Hertl.
2:07 of 2nd period - Wrist shot by Taylor Beck.
2:07 of 2nd period - Shot Misses the Net.
2:09 of 2nd period - Slapshot by Connor Murphy.
2:09 of 2nd period - Stopped by Juuse Saros without a rebound.
2:10 of 2nd period - J.T. Miller wins face-off versus Riley Nash in Capitals zone.
2:27 of 2nd period - Snap shot by Riley Nash.
2:27 of 2nd period - Shot Misses the Net.
3:07 of 2nd period - Slapshot by Roope Hintz.
3:07 of 2nd period - Shot Blocked by Matt Irwin.
3:09 of 2nd period - Snap shot by Jordan Staal.
3:09 of 2nd period - Shot Misses the Net.
3:53 of 2nd period - Backhand shot by Tim Stutzle.
3:53 of 2nd period - Stopped by Casey DeSmith with a rebound.
3:55 of 2nd period - Snap shot by T.J. Oshie.
3:55 of 2nd period - Shot Misses the Net.
4:31 of 2nd period - Snap shot by Roope Hintz.
4:31 of 2nd period - Shot Misses the Net.
4:48 of 2nd period - Off-side.
4:49 of 2nd period - J.T. Miller wins face-off versus Arttu Ruotsalainen in neutral zone.
5:08 of 2nd period - Ryan Graves is hit by Frank Vatrano and loses puck.
5:21 of 2nd period - Snap shot by T.J. Oshie.
5:21 of 2nd period - Stopped by Casey DeSmith with a rebound.
5:23 of 2nd period - Snap shot by Mark Giordano.
5:23 of 2nd period - Stopped by Casey DeSmith without a rebound.
5:24 of 2nd period - Kyle Turris wins face-off versus Alan Quine in Rangers zone.
6:53 of 2nd period - Icing by Frank Vatrano.
6:54 of 2nd period - Kyle Turris wins face-off versus Alan Quine in Rangers zone.
6:55 of 2nd period - Slapshot by Josh Bailey.
6:55 of 2nd period - Stopped by Casey DeSmith without a rebound.
6:56 of 2nd period - Kyle Turris wins face-off versus Alan Quine in Rangers zone.
7:07 of 2nd period - Slapshot by Radek Faksa.
7:07 of 2nd period - Stopped by Juuse Saros with a rebound.
7:09 of 2nd period - Slapshot by Connor Murphy.
7:09 of 2nd period - Shot Misses the Net.
7:11 of 2nd period - Backhand shot by Alan Quine.
7:11 of 2nd period - Stopped by Juuse Saros without a rebound.
7:12 of 2nd period - Riley Nash wins face-off versus J.T. Miller in Capitals zone.
7:12 of 2nd period - Jared Spurgeon is hit by Tim Stutzle and loses puck.
7:39 of 2nd period - Ryan Graves is hit by Jason Zucker.
8:05 of 2nd period - Taylor Beck is hit by Roope Hintz and loses puck.
8:16 of 2nd period - Minor Penalty to Radek Faksa for Delaying the game.
8:17 of 2nd period - Danton Heinen wins face-off versus J.T. Miller in Rangers zone.
8:17 of 2nd period - Danton Heinen is hit by Tim Stutzle.
9:07 of 2nd period - Samuel Girard is hit by Tim Stutzle and loses puck.
10:16 of 2nd period - Penalty to Radek Faksa is over, Radek Faksa is back on ice.
10:27 of 2nd period - Slapshot by Taylor Beck.
10:27 of 2nd period - Deflect By Alan Quine.
10:27 of 2nd period - Stopped by Juuse Saros with a rebound.
10:29 of 2nd period - Snap shot by Radek Faksa.
10:29 of 2nd period - Deflect By Vince Dunn.
10:29 of 2nd period - Shot Blocked by Trevor Moore.
10:29 of 2nd period - Puck is out of play.
10:30 of 2nd period - Riley Nash wins face-off versus Tomas Hertl in Capitals zone.
10:30 of 2nd period - Jared Spurgeon is hit by Justin Faulk and loses puck.
10:59 of 2nd period - Wrist shot by Josh Bailey.
10:59 of 2nd period - Shot Misses the Net.
11:01 of 2nd period - Backhand shot by Vince Dunn.
11:01 of 2nd period - Shot Blocked by Jared Spurgeon.
11:03 of 2nd period - Snap shot by Josh Bailey.
11:03 of 2nd period - Stopped by Casey DeSmith without a rebound.
11:04 of 2nd period - Arttu Ruotsalainen wins face-off versus J.T. Miller in Rangers zone.
11:19 of 2nd period - Snap shot by Jason Zucker.
11:19 of 2nd period - Deflect By Arttu Ruotsalainen.
11:19 of 2nd period - Shot Misses the Net.
11:19 of 2nd period - Puck is out of play.
11:20 of 2nd period - Alan Quine wins face-off versus Kyle Turris in Capitals zone.
11:23 of 2nd period - Wrist shot by Alan Quine.
11:23 of 2nd period - Shot Blocked by Justin Faulk.
11:25 of 2nd period - Snap shot by Radek Faksa.
11:25 of 2nd period - Stopped by Juuse Saros without a rebound.
11:26 of 2nd period - Alan Quine wins face-off versus Kyle Turris in Capitals zone.
11:27 of 2nd period - Wrist shot by Taylor Beck.
11:27 of 2nd period - Deflect By Radek Faksa.
11:27 of 2nd period - Shot Misses the Net.
11:27 of 2nd period - Puck is out of play.
11:28 of 2nd period - Alan Quine wins face-off versus Kyle Turris in Capitals zone.
11:33 of 2nd period - Wrist shot by Alan Quine.
11:33 of 2nd period - Shot Misses the Net.
11:35 of 2nd period - Slapshot by Connor Murphy.
11:35 of 2nd period - Shot Misses the Net.
11:37 of 2nd period - Slapshot by Radek Faksa.
11:37 of 2nd period - Stopped by Juuse Saros without a rebound.
11:38 of 2nd period - T.J. Oshie wins face-off versus Arttu Ruotsalainen in Capitals zone.
11:42 of 2nd period - Icing by Justin Faulk.
11:43 of 2nd period - J.T. Miller wins face-off versus Arttu Ruotsalainen in Capitals zone.
11:56 of 2nd period - Wrist shot by Tim Stutzle.
11:56 of 2nd period - Shot Misses the Net.
11:58 of 2nd period - Slapshot by Ryan Graves.
11:58 of 2nd period - Stopped by Casey DeSmith with a rebound.
12:00 of 2nd period - Snap shot by Tim Stutzle.
12:00 of 2nd period - Shot Misses the Net.
12:16 of 2nd period - Snap shot by Taylor Beck.
12:16 of 2nd period - Goal by Taylor Beck - Capitals : 1 - Rangers : 2.
12:17 of 2nd period - Arttu Ruotsalainen wins face-off versus J.T. Miller in neutral zone.
12:26 of 2nd period - Wrist shot by Arttu Ruotsalainen.
12:26 of 2nd period - Shot Misses the Net.
12:31 of 2nd period - Icing by Mark Giordano.
12:32 of 2nd period - J.T. Miller wins face-off versus Riley Nash in Capitals zone.
12:32 of 2nd period - J.T. Miller is hit by Connor Murphy.
13:06 of 2nd period - Connor Murphy is hit by J.T. Miller and loses puck.
13:31 of 2nd period - Snap shot by J.T. Miller.
13:31 of 2nd period - Shot Blocked by Jared Spurgeon.
13:33 of 2nd period - Wrist shot by J.T. Miller.
13:33 of 2nd period - Stopped by Casey DeSmith without a rebound.
13:34 of 2nd period - Brandon Tanev wins face-off versus Jordan Staal in Rangers zone.
13:38 of 2nd period - Off-side.
13:39 of 2nd period - Jordan Staal wins face-off versus Brandon Tanev in neutral zone.
13:52 of 2nd period - Snap shot by Roope Hintz.
13:52 of 2nd period - Stopped by Casey DeSmith without a rebound.
13:53 of 2nd period - Kyle Turris wins face-off versus Alan Quine in Rangers zone.
14:00 of 2nd period - Backhand shot by Kyle Turris.
14:00 of 2nd period - Deflect By Travis Konecny.
14:00 of 2nd period - Deflect By Alan Quine.
14:00 of 2nd period - Shot Misses the Net.
14:00 of 2nd period - Puck is out of play.
14:01 of 2nd period - Kyle Turris wins face-off versus Alan Quine in Rangers zone.
14:10 of 2nd period - Josh Bailey is hit by Alan Quine.
14:26 of 2nd period - Slapshot by Taylor Beck.
14:26 of 2nd period - Stopped by Juuse Saros without a rebound.
14:27 of 2nd period - Jordan Staal wins face-off versus Arttu Ruotsalainen in Capitals zone.
14:29 of 2nd period - Minor Penalty to Roope Hintz for Boarding.
14:30 of 2nd period - Arttu Ruotsalainen wins face-off versus Tomas Hertl in Capitals zone.
14:30 of 2nd period - Snap shot by Jason Zucker.
14:30 of 2nd period - Stopped by Juuse Saros with a rebound.
14:32 of 2nd period - Slapshot by Arttu Ruotsalainen.
14:32 of 2nd period - Deflect By Frank Vatrano.
14:32 of 2nd period - Shot Misses the Net.
14:32 of 2nd period - Puck is out of play.
14:33 of 2nd period - Arttu Ruotsalainen wins face-off versus Tomas Hertl in Capitals zone.
14:36 of 2nd period - Snap shot by Jason Zucker.
14:36 of 2nd period - Stopped by Juuse Saros with a rebound.
14:38 of 2nd period - Snap shot by Jared Spurgeon.
14:38 of 2nd period - Shot Blocked by Ryan Graves.
14:40 of 2nd period - Snap shot by Arttu Ruotsalainen.
14:40 of 2nd period - Goal by Arttu Ruotsalainen - Capitals : 1 - Rangers : 3.
14:41 of 2nd period - Arttu Ruotsalainen wins face-off versus Jordan Staal in neutral zone.
15:08 of 2nd period - Oliver Ekman-Larsson is hit by Colin Blackwell and loses puck.
15:19 of 2nd period - Calvin de Haan is hit by T.J. Oshie and loses puck.
15:52 of 2nd period - Radek Faksa is hit by Jordan Staal and loses puck.
16:01 of 2nd period - Justin Faulk is hit by Alan Quine and loses puck.
17:18 of 2nd period - Off-side.
17:19 of 2nd period - Alan Quine wins face-off versus Trevor Moore in neutral zone.
17:53 of 2nd period - Wrist shot by Jordan Staal.
17:53 of 2nd period - Stopped by Casey DeSmith without a rebound.
17:54 of 2nd period - Arttu Ruotsalainen wins face-off versus J.T. Miller in Rangers zone.
18:01 of 2nd period - Snap shot by Jason Zucker.
18:01 of 2nd period - Stopped by Juuse Saros without a rebound.
18:02 of 2nd period - J.T. Miller wins face-off versus Jason Zucker in Capitals zone.
18:19 of 2nd period - Wrist shot by Frank Vatrano.
18:19 of 2nd period - Shot Misses the Net.
18:21 of 2nd period - Slapshot by Jason Zucker.
18:21 of 2nd period - Deflect By Frank Vatrano.
18:21 of 2nd period - Shot Misses the Net.
18:21 of 2nd period - Puck is out of play.
18:22 of 2nd period - Kyle Turris wins face-off versus Riley Nash in Capitals zone.
18:26 of 2nd period - Off-side.
18:27 of 2nd period - Riley Nash wins face-off versus Kyle Turris in neutral zone.
18:30 of 2nd period - Travis Konecny is hit by Riley Nash and loses puck.
18:54 of 2nd period - Calvin de Haan is hit by Ryan Graves and loses puck.
19:05 of 2nd period - Backhand shot by Jason Zucker.
19:05 of 2nd period - Stopped by Juuse Saros without a rebound.
19:06 of 2nd period - J.T. Miller wins face-off versus Alan Quine in Capitals zone.
19:06 of 2nd period - Mark Giordano is hit by Radek Faksa and loses puck.
19:12 of 2nd period - Icing by Mark Giordano.
19:13 of 2nd period - Alan Quine wins face-off versus J.T. Miller in Capitals zone.
19:24 of 2nd period - Slapshot by Alan Quine.
19:24 of 2nd period - Goal by Alan Quine - Capitals : 1 - Rangers : 4.
19:25 of 2nd period - Frank Vatrano wins face-off versus Kyle Turris in neutral zone.
19:25 of 2nd period - Frank Vatrano is hit by Kyle Turris.
19:29 of 2nd period - Wrist shot by Matt Irwin.
19:29 of 2nd period - Deflect By Frank Vatrano.
19:29 of 2nd period - Shot Misses the Net.
19:29 of 2nd period - Puck is out of play.
19:30 of 2nd period - Kyle Turris wins face-off versus Arttu Ruotsalainen in Capitals zone.
19:36 of 2nd period - Off-side.
19:37 of 2nd period - Riley Nash wins face-off versus Roope Hintz in neutral zone.
19:50 of 2nd period - Snap shot by Michael Frolik.
19:50 of 2nd period - Stopped by Juuse Saros with a rebound.
Goals for this period are 0 for Capitals vs 3 for Rangers.
Shots for this period are 10 for Capitals vs 17 for Rangers.

3rd period


0:01 of 3rd period - J.T. Miller wins face-off versus Arttu Ruotsalainen in neutral zone.
0:01 of 3rd period - J.T. Miller is hit by Arttu Ruotsalainen.
0:11 of 3rd period - Wrist shot by T.J. Oshie.
0:11 of 3rd period - Shot Misses the Net.
0:13 of 3rd period - Slapshot by Ryan Graves.
0:13 of 3rd period - Shot Blocked by Matt Irwin.
0:15 of 3rd period - Slapshot by Justin Faulk.
0:15 of 3rd period - Deflect By Tim Stutzle.
0:15 of 3rd period - Stopped by Casey DeSmith without a rebound.
0:16 of 3rd period - Brandon Tanev wins face-off versus Kyle Turris in Rangers zone.
0:27 of 3rd period - Snap shot by Filip Chytil.
0:27 of 3rd period - Shot Misses the Net.
0:43 of 3rd period - Samuel Girard is hit by Jordan Staal.
1:23 of 3rd period - Wrist shot by Taylor Beck.
1:23 of 3rd period - Shot Blocked by Ryan Graves.
1:37 of 3rd period - Slapshot by Jared Spurgeon.
1:37 of 3rd period - Stopped by Juuse Saros without a rebound.
1:38 of 3rd period - Kyle Turris wins face-off versus Riley Nash in Capitals zone.
1:44 of 3rd period - Off-side.
1:45 of 3rd period - Riley Nash wins face-off versus J.T. Miller in neutral zone.
2:00 of 3rd period - Snap shot by Michael Frolik.
2:00 of 3rd period - Stopped by Juuse Saros with a rebound.
2:28 of 3rd period - Snap shot by Josh Bailey.
2:28 of 3rd period - Stopped by Casey DeSmith without a rebound.
2:29 of 3rd period - Jordan Staal wins face-off versus Arttu Ruotsalainen in Rangers zone.
2:30 of 3rd period - Wrist shot by Lucas Raymond.
2:30 of 3rd period - Stopped by Casey DeSmith with a rebound.
2:32 of 3rd period - Minor Penalty to Arttu Ruotsalainen for High sticking.
2:33 of 3rd period - J.T. Miller wins face-off versus Danton Heinen in Rangers zone.
2:36 of 3rd period - Snap shot by Tim Stutzle.
2:36 of 3rd period - Shot Misses the Net.
2:38 of 3rd period - Slapshot by T.J. Oshie.
2:38 of 3rd period - Shot Misses the Net.
2:40 of 3rd period - Snap shot by T.J. Oshie.
2:40 of 3rd period - Stopped by Casey DeSmith with a rebound.
2:42 of 3rd period - Slapshot by Mark Giordano.
2:42 of 3rd period - Deflect By Jared Spurgeon.
2:42 of 3rd period - Stopped by Casey DeSmith without a rebound.
2:43 of 3rd period - J.T. Miller wins face-off versus Danton Heinen in Rangers zone.
2:46 of 3rd period - Wrist shot by T.J. Oshie.
2:46 of 3rd period - Shot Misses the Net.
2:48 of 3rd period - Slapshot by Oliver Ekman-Larsson.
2:48 of 3rd period - Shot Misses the Net.
2:54 of 3rd period - Snap shot by J.T. Miller.
2:54 of 3rd period - Stopped by Casey DeSmith without a rebound.
2:55 of 3rd period - J.T. Miller wins face-off versus Danton Heinen in Rangers zone.
2:56 of 3rd period - Wrist shot by Tim Stutzle.
2:56 of 3rd period - Stopped by Casey DeSmith without a rebound.
2:57 of 3rd period - Danton Heinen wins face-off versus J.T. Miller in Rangers zone.
2:57 of 3rd period - Jared Spurgeon is hit by T.J. Oshie and loses puck.
4:08 of 3rd period - Snap shot by Connor Murphy.
4:08 of 3rd period - Deflect By Colin Blackwell.
4:08 of 3rd period - Shot Blocked by Justin Faulk.
4:08 of 3rd period - Puck is out of play.
4:09 of 3rd period - Colin Blackwell wins face-off versus J.T. Miller in Capitals zone.
4:32 of 3rd period - Penalty to Arttu Ruotsalainen is over, Arttu Ruotsalainen is back on ice.
4:32 of 3rd period - Wrist shot by Travis Konecny.
4:32 of 3rd period - Shot Misses the Net.
4:38 of 3rd period - Slapshot by Michael Frolik.
4:38 of 3rd period - Shot Misses the Net.
5:20 of 3rd period - Alan Quine is hit by Oliver Ekman-Larsson and loses puck.
5:46 of 3rd period - Off-side.
5:47 of 3rd period - Kyle Turris wins face-off versus Arttu Ruotsalainen in neutral zone.
6:11 of 3rd period - Icing by Jason Zucker.
6:12 of 3rd period - Arttu Ruotsalainen wins face-off versus Jordan Staal in Rangers zone.
6:12 of 3rd period - Arttu Ruotsalainen is hit by Jordan Staal.
6:22 of 3rd period - Jordan Staal is hit by Filip Chytil and loses puck.
6:29 of 3rd period - Wrist shot by Danton Heinen.
6:29 of 3rd period - Shot Misses the Net.
6:55 of 3rd period - Minor Penalty to T.J. Oshie for Roughing.
6:56 of 3rd period - Arttu Ruotsalainen wins face-off versus Jordan Staal in Capitals zone.
6:59 of 3rd period - Wrist shot by Jared Spurgeon.
6:59 of 3rd period - Shot Blocked by Justin Faulk.
7:01 of 3rd period - Snap shot by Arttu Ruotsalainen.
7:01 of 3rd period - Deflect By Jason Zucker.
7:01 of 3rd period - Goal by Jason Zucker - Capitals : 1 - Rangers : 5.
7:02 of 3rd period - Kyle Turris wins face-off versus Arttu Ruotsalainen in neutral zone.
7:02 of 3rd period - Kyle Turris is hit by Frank Vatrano.
7:46 of 3rd period - Travis Konecny is hit by Calvin de Haan and loses puck.
7:57 of 3rd period - Wrist shot by Kyle Turris.
7:57 of 3rd period - Stopped by Casey DeSmith without a rebound.
7:58 of 3rd period - Alan Quine wins face-off versus Jordan Staal in Rangers zone.
7:58 of 3rd period - Alan Quine is hit by Jordan Staal.
8:24 of 3rd period - Jason Zucker is hit by T.J. Oshie.
8:40 of 3rd period - Minor Penalty to Arttu Ruotsalainen for High sticking.
8:41 of 3rd period - J.T. Miller wins face-off versus Danton Heinen in Rangers zone.
10:40 of 3rd period - Penalty to Arttu Ruotsalainen is over, Arttu Ruotsalainen is back on ice.
10:40 of 3rd period - J.T. Miller is hit by Arttu Ruotsalainen and loses puck.
11:17 of 3rd period - Roope Hintz is hit by Radek Faksa and loses puck.
11:34 of 3rd period - Snap shot by Jason Zucker.
11:34 of 3rd period - Stopped by Juuse Saros without a rebound.
11:35 of 3rd period - Arttu Ruotsalainen wins face-off versus Kyle Turris in Capitals zone.
11:36 of 3rd period - Snap shot by Jason Zucker.
11:36 of 3rd period - Stopped by Juuse Saros without a rebound.
11:37 of 3rd period - Kyle Turris wins face-off versus Arttu Ruotsalainen in Capitals zone.
11:42 of 3rd period - Snap shot by Kyle Turris.
11:42 of 3rd period - Stopped by Casey DeSmith without a rebound.
11:43 of 3rd period - Kyle Turris wins face-off versus Arttu Ruotsalainen in Rangers zone.
11:50 of 3rd period - Snap shot by Kyle Turris.
11:50 of 3rd period - Stopped by Casey DeSmith with a rebound.
11:52 of 3rd period - Slapshot by Mark Giordano.
11:52 of 3rd period - Stopped by Casey DeSmith with a rebound.
11:54 of 3rd period - Wrist shot by Josh Bailey.
11:54 of 3rd period - Deflect By Kyle Turris.
11:54 of 3rd period - Stopped by Casey DeSmith with a rebound.
12:36 of 3rd period - Wrist shot by Michael Frolik.
12:36 of 3rd period - Deflect By Colin Blackwell.
12:36 of 3rd period - Stopped by Juuse Saros without a rebound.
12:37 of 3rd period - Jordan Staal wins face-off versus Riley Nash in Capitals zone.
13:00 of 3rd period - Minor Penalty to Connor Murphy for Tripping.
13:01 of 3rd period - J.T. Miller wins face-off versus Danton Heinen in Rangers zone.
13:08 of 3rd period - Wrist shot by T.J. Oshie.
13:08 of 3rd period - Stopped by Casey DeSmith with a rebound.
13:10 of 3rd period - Slapshot by Mark Giordano.
13:10 of 3rd period - Shot Blocked by Jared Spurgeon.
13:12 of 3rd period - Wrist shot by Tim Stutzle.
13:12 of 3rd period - Deflect By J.T. Miller.
13:12 of 3rd period - Stopped by Casey DeSmith without a rebound.
13:13 of 3rd period - T.J. Oshie wins face-off versus Danton Heinen in Rangers zone.
13:13 of 3rd period - T.J. Oshie is hit by Jared Spurgeon.
15:00 of 3rd period - Penalty to Connor Murphy is over, Connor Murphy is back on ice.
15:07 of 3rd period - Snap shot by Michael Frolik.
15:07 of 3rd period - Shot Hit the Post.
15:09 of 3rd period - Slapshot by Michael Frolik.
15:09 of 3rd period - Deflect By Colin Blackwell.
15:09 of 3rd period - Shot Misses the Net.
15:09 of 3rd period - Puck is out of play.
15:10 of 3rd period - Tomas Hertl wins face-off versus Riley Nash in Capitals zone.
15:10 of 3rd period - Trevor Moore is hit by Calvin de Haan.
15:42 of 3rd period - Slapshot by Calvin de Haan.
15:42 of 3rd period - Shot Blocked by Vince Dunn.
16:38 of 3rd period - Snap shot by Samuel Girard.
16:38 of 3rd period - Deflect By Taylor Beck.
16:38 of 3rd period - Shot Blocked by Oliver Ekman-Larsson.
16:38 of 3rd period - Puck is out of play.
16:39 of 3rd period - J.T. Miller wins face-off versus Alan Quine in Capitals zone.
16:50 of 3rd period - Wrist shot by T.J. Oshie.
16:50 of 3rd period - Deflect By J.T. Miller.
16:50 of 3rd period - Shot Misses the Net.
16:50 of 3rd period - Puck is out of play.
16:51 of 3rd period - J.T. Miller wins face-off versus Arttu Ruotsalainen in Rangers zone.
17:18 of 3rd period - Matt Irwin is hit by Kyle Turris and loses puck.
17:27 of 3rd period - Ryan Graves is hit by Frank Vatrano and loses puck.
17:36 of 3rd period - Justin Faulk is hit by Arttu Ruotsalainen and loses puck.
17:45 of 3rd period - Matt Irwin is hit by Ryan Graves and loses puck.
18:24 of 3rd period - Slapshot by Jason Zucker.
18:24 of 3rd period - Shot Misses the Net.
18:32 of 3rd period - Snap shot by Jason Zucker.
18:32 of 3rd period - Shot Misses the Net.
19:00 of 3rd period - Mattias Ekholm is hit by Jason Zucker and loses puck.
19:21 of 3rd period - Snap shot by Arttu Ruotsalainen.
19:21 of 3rd period - Stopped by Juuse Saros with a rebound.
19:23 of 3rd period - Wrist shot by Frank Vatrano.
19:23 of 3rd period - Stopped by Juuse Saros with a rebound.
19:25 of 3rd period - Wrist shot by Arttu Ruotsalainen.
19:25 of 3rd period - Shot Misses the Net.
19:33 of 3rd period - Jason Zucker is hit by Travis Konecny.
19:37 of 3rd period - Mattias Ekholm is hit by Arttu Ruotsalainen.
Goals for this period are 0 for Capitals vs 1 for Rangers.
Shots for this period are 14 for Capitals vs 8 for Rangers.